 Seeded DCSS version 0.31-a0-986-g5e6e4ef867 (webtiles) character file.

Game seed: 7227494833309967033 (custom seed)

2114 timneilson the Ruffian (level 9, -12/58 (61) HPs)
             Began as an Octopode Shapeshifter on Nov 12, 2023.
             Mangled by a wight
             ... wielding a +5 spear of freezing
              (15 damage)
             ... on level 7 of the Dungeon.
             The game lasted 00:14:00 (7157 turns).

timneilson the Ruffian (Octopode Shapeshifter)      Turns: 7157, Time: 00:14:01

HP:   -12/58 (61)   AC:  1    Str: 17    XL:     9   Next: 29%
MP:   13/13         EV: 14    Int: 13    God:
Gold: 297           SH:  0    Dex: 11    Spells: 11/14 levels left

rFire   . .          .
                       - Unarmed
rCold   . . .        (no shield)
rNeg    + . .        (helmet currently unavailable)
rPois   +            (no amulet)
rElec   .            i - ring of resist corrosion
rCorr   +            h - ring "Uraid" {Drain Fly rPois rN+}
SInv    .            f - ring of willpower
Will    +....        (no ring)
Stlth   ++++         (no ring)
HPRegen 0.29/turn    (no ring)
MPRegen 0.13/turn    (no ring)
                     (no ring)

%: no passive effects
@: beast-form, flying, lightly drained
A: beast (slay +3), almost no armour, amphibious, 8 rings, camouflage 1,
gelatinous body 1, (nimble swimmer 1), tentacles
a: Begin Untransformation


You were on level 7 of the Dungeon.
You were a hulking beast.
You visited 2 branches of the dungeon, and saw 8 of its levels.

You collected 297 gold pieces.

Inventory:

Jewellery
 f - a ring of willpower (on tentacle)
 h - the ring "Uraid" (right tentacle) {Drain Fly rPois rN+}
   (You acquired it on level 3 of the Dungeon)

   [ring of positive energy]

   rPois:     It protects you from poison rN+: It protects you from negative
   energy.
   Fly:       It grants you flight.
   Drain:     It drains your maximum health when unequipped.
 i - a ring of resist corrosion (left tentacle)
Talismans
 b - a beast talisman
 c - a flux talisman
 l - a maw talisman
Wands
 d - a wand of roots (20)
 g - a wand of flame (23)
Scrolls
 e - 4 scrolls of teleportation
 j - a scroll of fear
 k - a scroll of fog
 o - 3 scrolls of immolation
Potions
 a - 4 potions of lignification
 m - a potion of curing
 n - a potion of enlightenment
 p - 2 potions of mutation


   Skills:
 * Level 5.1 Fighting
 * Level 5.5 Dodging
 + Level 5.2 Stealth
 * Level 6.0 Unarmed Combat
 + Level 3.1 Spellcasting
 + Level 1.3 Air Magic
 + Level 1.6 Evocations
 * Level 5.6 Shapeshifting


You had 11 spell levels left.
You knew the following spells:

 Your Spells              Type           Power      Damage    Failure   Level
a - Swiftness             Air            5%         N/A       36%         3

Your spell library contained the following spells:

 Spells                   Type           Power      Damage    Failure   Level
 Shock                    Conj/Air       12%        1d3       17%         1
 Kiss of Death            Conj/Necr      8%         2d6       22%         1
 Frozen Ramparts          Ice            4%         1d1       56%         3
 Airstrike                Air            2%         2d(1-17)  78%         4
 Petrify                  Tmut/Erth      2%         N/A       92%         4
 Metabolic Englaciation   Hex/Ice        1%         N/A       99%         5


Dungeon Overview and Level Annotations

Branches:
Dungeon (7/15)             Temple (1/1) D:7

Altars:
Ashenzari
Cheibriados
Dithmenos
Fedhas
Hepliaklqana
Kikubaaqudgha
Okawaru
Ru
Sif Muna
Trog
Uskayaw
Wu Jian
Yredelemnul

Shops:
D:4 *   D:6 *(?

Annotations:
D:3 2 runed translucent doors, Danienth's ghost, amateur DENe


Innate Abilities, Weirdness & Mutations

You are a hulking beast.
Your limbs bulge with bestial killing power. (Slay +3)
You cannot wear most types of armour.
You are amphibious.
You can wear up to eight rings at the same time.
Your skin changes colour to match your surroundings (Stealth+).
Your rubbery body absorbs attacks. (AC +1, EV +1)
((You are camouflaged when in or above water. (Stealth+)))
You have tentacles for arms and can constrict up to eight enemies at once.


Message History

You bludgeon the wight! You tentacle-slap the wight!
You destroy the wight!
There is an open door here.
Things that are here:
a +0 long sword; a +0 robe The wight barely misses you.
There is an open door here.
You barely miss the wight. You grab the wight. You constrict the wight.
The wight hits you with a +0 war axe!
The wight hits you from afar with a +5 spear of freezing!
You partially resist.
You feel drained. The wight freezes you.
You tentacle-slap the wight. You squeeze the wight.
The wight is heavily damaged.
You constrict the wight. The wight misses you.
The wight hits you from afar with a +5 spear of freezing.
The wight freezes you.
You release your grip on the wight.
The wight closely misses you.
The wight hits you with a +5 spear of freezing!
* * * LOW HITPOINT WARNING * * *
The wight freezes you.
* * * LOW HITPOINT WARNING * * *
You tentacle-slap the wight but do no damage.
You grab the wight. You squeeze the wight!
The wight is heavily damaged.
You constrict the wight, but do no damage.
The wight barely misses you.
The wight hits you with a +5 spear of freezing!
* * * LOW HITPOINT WARNING * * *
You partially resist.
You feel drained.
* * * LOW HITPOINT WARNING * * *
The wight freezes you.
* * * LOW HITPOINT WARNING * * *
You feel better.
You constrict the wight, but do no damage.
The wight hits you with a +0 war axe!
* * * LOW HITPOINT WARNING * * *
You partially resist.
You feel drained.
* * * LOW HITPOINT WARNING * * *
The wight hits you with a +5 spear of freezing!
You die...

##.......#..............#..'...[.
.##.....##.##'#.....#'###..#.)...
..##...##..#..#.....#..##..###..#
...##.##...#..#.....#.<........##
...........#..#.....#............
...........#..#.....+............
...........##.#.....##########...
###....######.##+#....#######....
#....#...#...zh'....#..........
#....'...#....z#....#........##
#....#...#.....#....#.........#
###.><.######.>..#....#..######..
..###'####.##....#....#..######+.
....#............#....#....#.....
....#............#....)....#.....
...###..###....###....#+#######.#
...###..###....# ###......#####.#


You could see 2 wights.

Vanquished Creatures
  A hornet (D:7)
  2 water moccasins
  2 black bears
  2 ice beasts (D:5)
  A centaur (D:6)
  3 ogres (D:6)
  2 bullfrogs (D:7)
  3 scorpions
  2 wights (D:7)
  A jelly (D:6)
  A gnoll bouda (D:4)
  A hound (D:6)
  2 iguanas
  2 sleepcaps
  4 orc wizards
  Ijyb (D:2)
  11 adders
  4 gnolls (D:4)
  A shadow imp (D:6)
  4 ufetubi
  3 worms
  A dart slug (D:1)
  9 orcs
  4 ball pythons
  9 endoplasms
  2 giant cockroaches
  8 hobgoblins
  8 jackals
  5 kobolds
  2 quokkas
  7 bats
  3 frilled lizards
  14 goblins
  3 rats
128 creatures vanquished.

Vanquished Creatures (others)
  A human (D:7)
1 creature vanquished.

Grand Total: 129 creatures vanquished

Notes
Turn   | Place    | Note
-------+----------+-------------------------------------------
     0 | D:1      | timneilson the Octopode Shapeshifter began the quest for
                  | the Orb.
     0 | D:1      | Reached XP level 1. HP: 13/13 MP: 1/1
   123 | D:1      | Reached XP level 2. HP: 16/18 MP: 2/2
   388 | D:1      | Reached skill level 1 in Stealth
   403 | D:1      | Reached XP level 3. HP: 13/23 MP: 3/3
   872 | D:2      | Reached XP level 4. HP: 29/29 MP: 5/5
  1095 | D:2      | Learned a level 3 spell: Swiftness
  1319 | D:2      | Noticed Ijyb
  1326 | D:2      | Killed Ijyb
  1425 | D:3      | You fall into a shaft and drop 1 floor!
  1554 | D:4      | Reached XP level 5. HP: 34/34 MP: 6/6
  1596 | D:4      | Found a basalt altar of Yredelemnul.
  1697 | D:4      | Found Jimamm's Serpentskin Sales.
  1697 | D:4      | Noticed a water moccasin
  1809 | D:4      | Reached skill level 1 in Spellcasting
  2289 | D:3      | Found a runed translucent door.
  2305 | D:3      | Identified a scroll of acquirement
  2305 | D:3      | Acquired the ring "Uraid" {Drain Fly rPois rN+}
  2539 | D:3      | Found a runed translucent door.
  2551 | D:3      | Noticed Danienth's ghost (amateur DENe)
  2919 | D:5      | Entered Level 5 of the Dungeon
  3140 | D:5      | Reached XP level 6. HP: 41/41 MP: 7/7
  3149 | D:5      | Reached skill level 4 in Unarmed Combat
  3257 | D:5      | Noticed an ice beast
  3276 | D:5      | Killed an ice beast
  3310 | D:5      | Noticed a water moccasin
  3397 | D:5      | Killed a water moccasin
  3398 | D:5      | Reached XP level 7. HP: 34/46 MP: 9/9
  4218 | D:4      | Found a hide-covered altar of Uskayaw.
  4252 | D:4      | Reached XP level 8. HP: 9/54 MP: 11/11
  4661 | D:4      | Reached skill level 5 in Unarmed Combat
  4843 | D:6      | Identified the "Zeup"
  4936 | D:6      | Reached skill level 5 in Shapeshifting
  5141 | D:6      | Found Oppoxirph's Antique Weapon Shop.
  5442 | D:6      | Found Egeaxaeko's Assorted Antiques.
  5471 | D:6      | Reached skill level 5 in Dodging
  5634 | D:6      | Found Emec's Magic Scroll Boutique.
  5923 | D:6      | Found a shimmering blue altar of Sif Muna.
  5943 | D:6      | Reached XP level 9. HP: 31/60 MP: 13/13
  6160 | D:7      | Found a staircase to the Ecumenical Temple.
  6170 | Temple   | Entered the Ecumenical Temple
  6310 | D:7      | Reached skill level 1 in Evocations
  6439 | D:7      | Found a sacrificial altar of Ru.
  6473 | D:7      | Found an iron altar of Okawaru.
  6477 | D:7      | Reached skill level 5 in Stealth
  6477 | D:7      | Reached skill level 1 in Air Magic
  6560 | D:7      | Found an ancient bone altar of Kikubaaqudgha.
  6679 | D:7      | Noticed a hornet
  6686 | D:7      | Killed a hornet
  6687 | D:7      | Reached skill level 5 in Fighting
  7019 | D:7      | Reached skill level 6 in Unarmed Combat
  7157 | D:7      | Mangled by a wight

Illustrated notes

Levels and vault maps discovered:
D:1:      ncdulo_watergridlock, layout_basic
D:2:      kennysheep_the_goblin_king, layout_basic
D:3:      layout_loops_cross, ebering_ghost_sewer_f, serial_bayou_lake_a
D:4:      layout_basic, mainiacjoe_overflow_catwalk, nicolae_uskayaw_dance_hall,
          serial_glass, glass_columns_c, glass_columns_c, due_unseen_surprise,
          item_on_display_a, guppyfry_shop_venom
D:5:      layout_basic, kennysheep_generic_room_6
D:6:      layout_basic, led_sif_book, serial_shops, shop,
          nicolae_shop_back_alley_shop, shop
D:7:      layout_gridville, tgw_kikubaaqudgha, lemuel_round_altar,
          kennysheep_okawaru_gauntlet, minmay_temple_entry_waves
Temple:   nicolae_temple_ecumenical_triangle

Skill      XL: |  1  2  3  4  5  6  7  8  9 |
---------------+----------------------------+-----
Stealth        | 1 2 3 4 5 |  5.2
Fighting       | 2 3 4 5 |  5.1
Spellcasting   | 1 2 3 |  3.1
Dodging        | 3 4 5 |  5.5
Unarmed Combat | 4 5 6 |  6.0
Shapeshifting  | 4 5 |  5.6
Evocations     | 1 |  1.6
Air Magic      | 1 |  1.3

Action                     |  1- 3 |  4- 6 |  7- 9 || total
---------------------------+-------+-------+-------++-------
  Melee: Unarmed           |    62 |   109 |   137 ||   308
         Tentacles         |    11 |    23 |    36 ||    70
         Constrict         |    14 |    27 |    31 ||    72
         Punch             |       |     1 |     7 ||     8
    Use: Scroll            |     3 |     8 |     7 ||    18
         Potion            |       |     2 |     2 ||     4
   Stab: Sleeping          |     7 |    11 |     6 ||    24
         Distracted        |     2 |     1 |     1 ||     4
 Armour: Skin              |    21 |    45 |    69 ||   135
  Dodge: Dodged            |    27 |    64 |    79 ||   170

Table legend: (Time is in decaauts)
 A = Elapsed time spent in this place.
 B = Non-inter-level travel time spent in this place.
 C = Inter-level travel time spent in this place.
 D = Time resting spent in this place.
 E = Time spent auto-exploring this place.
 F = Levels seen in this place.
 G = Mean time per level.
                   A        B        C        D        E       F      G
               +--------+--------+--------+--------+--------+-----+--------+
         Total |   7132 |   6901 |    231 |    927 |   4139 |   8 |  891.5 |
       Dungeon |   7122 |   6891 |    231 |    927 |   4139 |   7 | 1017.4 |
        Temple |      9 |      9 |      0 |      0 |      0 |   1 |    9.0 |
               +--------+--------+--------+--------+--------+-----+--------+

Top non-repeatable levels by time:
     D:4: 1404 daAuts
     D:6: 1305 daAuts
     D:5: 1260 daAuts
     D:7: 991 daAuts
     D:1: 775 daAuts
     D:3: 765 daAuts
     D:2: 619 daAuts
  Temple: 9 daAuts
